 Dungeon Crawl Stone Soup version 0.27.1-34-g3ba077fa99 (webtiles) character file.

Game seed: 670900793984564040

13 cbfl8 the Sneak (level 2, -2/27 HPs)
             Began as a Minotaur Delver on Jan 26, 2022.
             Slain by a worm (5 damage)
             ... on level 2 of the Dungeon.
             The game lasted 00:01:40 (619 turns).

cbfl8 the Sneak (Minotaur Delver)                    Turns: 619, Time: 00:01:41

Health: -2/27      AC:  3    Str: 16    XL:     2   Next: 24%
Magic:  1/1        EV: 12    Int:  7    God:
Gold:   38         SH:  0    Dex: 11    Spells: 1/1 levels left

rFire    . . .     SeeInvis .   a - +0 hand axe
rCold    . . .     Faith    .   (no shield)
rNeg     . . .     Spirit   .   b - +0 leather armour
rPois    .         Reflect  .   (helmet restricted)
rElec    .         Harm     .   (no cloak)
rCorr    .         Rampage  .   (no gloves)
Will     .....                  (no boots)
Stlth    ++........             (no amulet)
HPRegen  0.09/turn              (no ring)
MPRegen  0.07/turn              (no ring)

@: no status effects
A: horns 2, retaliatory headbutt
a: no special abilities


You were on level 2 of the Dungeon.
You visited 2 branches of the dungeon, and saw 5 of its levels.

You collected 38 gold pieces.

Inventory:

Hand Weapons
 a - a +0 hand axe (weapon)
Missiles
 i - 27 stones (quivered)
Armour
 b - a +0 leather armour (worn)
Wands
 g - a wand of digging (3)
Scrolls
 c - a scroll of fog
 d - a scroll of magic mapping
 e - a scroll of fear
Potions
 f - a potion of haste
 h - a potion of degeneration {unknown}
 j - a potion of attraction {unknown}


   Skills:
 + Level 3.8 Fighting
 + Level 2.4 Axes
 + Level 0.2 Armour
 + Level 2.4 Dodging
 + Level 4.4 Stealth


You had one spell level left.
You didn't know any spells.
Your spell library was empty.

Dungeon Overview and Level Annotations

Branches:
Dungeon (5/15)             Temple (1/1) D:4

Altars:
Dithmenos
Fedhas
Gozag
Kikubaaqudgha
Nemelex Xobeh
Qazlal
Sif Muna
Trog
Wu Jian
Xom
Zin


Innate Abilities, Weirdness & Mutations

You have a pair of horns on your head.
You reflexively headbutt those who attack you in melee.


Message History

You see here a +0 dagger.
You open the door.
There is an open door here.
As you open the door, it creaks loudly!
There is an open door here.
There is an open door here.
There is an open door here.
There is a stone staircase leading down here.
There is a stone staircase leading down here.
A worm comes into view.
The worm moves out of view.
There is an open door here.
There is an open door here.
The worm misses you.
You barely miss the worm. You hit the worm but do no damage.
You headbutt the worm, but do no damage.
The worm bites you!
You barely miss the worm. Your headbutt misses the worm. The worm bites you.
You hit the worm.
The worm is lightly wounded.
You barely miss the worm.
The worm is lightly wounded.
The worm bites you!
* * * LOW HITPOINT WARNING * * *
You hit the worm. Your headbutt misses the worm.
The worm is lightly wounded.
The worm closely misses you.
You hit the worm.
The worm is moderately wounded.
The worm bites you but does no damage.
You hit the worm but do no damage. You headbutt the worm!
The worm is severely wounded.
You barely miss the worm. Your headbutt misses the worm.
The worm is severely wounded.
The worm bites you but does no damage.
You hit the worm.
The worm is severely wounded.
The worm bites you.
You die...

#.#.........#
###'#####.# ##. #.# #.#
....#.# #.# ...#.# #.#
# #..#.# #.#
#.####..#.# #.#
.......#'#####.#######
####....w@.............
...........†...########
#.....)......#
#............#
.....###..###### .....
#..### .... #.>..# ..
#....# . #....#


You could see a worm.

Vanquished Creatures
  A ball python (D:3)
  An endoplasm (D:4)
  4 giant cockroaches
  3 goblins
  A rat (D:2)
10 creatures vanquished.

Notes
Turn   | Place    | Note
-------+----------+-------------------------------------------
     0 | D:5      | cbfl8 the Minotaur Delver began the quest for the Orb.
     0 | D:5      | Reached XP level 1. HP: 19/19 MP: 0/0
    11 | D:4      | Found a staircase to the Ecumenical Temple.
    44 | Temple   | Entered the Ecumenical Temple
   443 | D:2      | Reached XP level 2. HP: 19/27 MP: 1/1
   619 | D:2      | Slain by a worm

Illustrated notes

Levels and vault maps discovered:
D:2:      layout_basic, uniq_crazy_yiuf_cottage
D:3:      layout_loops_ring, mainiacjoe_overflow_small_starburst,
          vehumet_altar_wand_db, uniq_terence
D:4:      layout_rooms, general_overflow_altar,
          nicolae_hepliaklqana_monster_ancestors,
          minmay_temple_entry_sparse_star, minmay_door_square
D:5:      layout_loops_ring, nicolae_ru_path_of_blood, elyvilon_altar_4
Temple:   minmay_temple_curvy_loop

Action                   || total
-------------------------++-------
Melee: Hand axe          ||    24
       Headbutt          ||     3
 Stab: Sleeping          ||     1
Armor: Leather armour    ||     4
Dodge: Dodged            ||    13
